 Dungeon Crawl Stone Soup version 0.20-a0-1122-gb7cbeb9 (webtiles) character file.

204 M4edhros the Covert (level 5, -2/33 HPs)
             Began as an Octopode Artificer on May 13, 2017.
             Was an Initiate of Fedhas.
             Slain by a gnoll
             ... wielding a +0 whip
              (4 damage)
             ... on level 4 of the Dungeon.
             The game lasted 00:01:25 (1023 turns).

M4edhros the Covert (Octopode Artificer)            Turns: 1023, Time: 00:01:26

Health: -2/33      AC:  1    Str: 12    XL:     5   Next: 82%
Magic:  7/7        EV: 13    Int: 13    God:    Fedhas [......]
Gold:   132        SH:  0    Dex: 13    Spells: 4/4 levels left

rFire    . . .     SeeInvis .   l - +3 hand axe
rCold    . . .     Gourm    .   (no shield)
rNeg     . . .     Faith    .   (helmet restricted)
rPois    .         Spirit   .   (no amulet)
rElec    .         Reflect  .   (no ring)
rCorr    .         Harm     .   (no ring)
MR       .....                  (no ring)
Stlth    +++++.....             (no ring)
Regen    0.2/turn               (no ring)
MPRegen  0.1/turn               (no ring)
                                (no ring)
                                (no ring)

@: no status effects
A: almost no armour, stealthy swim, amphibious, 8 rings, constrict 8, camouflage
1, gelatinous body 1
a: Fungal Bloom, Renounce Religion


You were on level 4 of the Dungeon.
You worshipped Fedhas.
Fedhas was noncommittal.
You were not hungry.

You visited 2 branches of the dungeon, and saw 5 of its levels.

You collected 132 gold pieces.

Inventory:

Hand Weapons
 l - a +3 hand axe (weapon)
 t - a +0 short sword
Wands
 b - a wand of flame (15/48)
 c - a wand of enslavement (15/24)
 d - a wand of random effects (15/48)
Scrolls
 k - a scroll of remove curse
 o - a scroll of immolation {unknown}
 p - a scroll of enchant weapon {unknown}
 r - a scroll of fear {unknown}
Potions
 e - a potion of agility
 g - a potion of curing {unknown}
 i - a potion of lignification {unknown}
 j - a potion of heal wounds {unknown}
 q - 2 potions of cancellation
 s - a potion of haste
Comestibles
 f - a bread ration
 h - a meat ration
 m - 5 chunks of flesh


   Skills:
 - Level 1.0 Fighting
 - Level 1.0 Short Blades
 - Level 2.0 Dodging
 + Level 8.0 Stealth
 - Level 3.2 Evocations


You had 4 spell levels left.
You didn't know any spells.

Dungeon Overview and Level Annotations

Branches:
Dungeon (4/15)             Temple (1/1) D:4

Altars:
Cheibriados
Elyvilon
Fedhas
Qazlal
Sif Muna
Trog
Xom
Yredelemnul
The Shining One


Innate Abilities, Weirdness & Mutations

You cannot wear most types of armour.
You are very stealthy in the water. (Stealth+)
You are amphibious.
You can wear up to eight rings at the same time.
You can use your tentacles to constrict eight enemies at once.
Your skin changes colour to match your surroundings (Stealth+).
Your rubbery body absorbs attacks. (AC +1, EV +1)


Message History

Things that are here:
a club; a gnoll corpse You butcher the gnoll corpse.
m - 5 chunks of flesh (gained 2)
You see here a club.
You now have 132 gold pieces (gained 17).
You see here a +0 short sword.
A gnoll comes into view. It is wielding a whip.
A gnoll is nearby!
You hit the gnoll. You grab the gnoll.
The gnoll is heavily wounded.
You constrict the gnoll. The gnoll hits you with a whip!
* * * LOW HITPOINT WARNING * * *
The gnoll hits you with a whip!
* * * LOW HITPOINT WARNING * * *
You hit the gnoll. You squeeze the gnoll.
The gnoll is heavily wounded.
You constrict the gnoll. The gnoll hits you with a whip.
You die...
Fedhas appreciates your contribution to the ecosystem.

#.# ###.##########
.............#######..
..≈≈≈≈≈.......##......
≈≈≈≈≈≈≈≈≈........# .#
≈≈≈≈≈≈≈≈≈≈≈..###.# .#
≈≈≈≈≈≈≈≈≈≈≈≈.# #.# .#
≈≈≈...≈≈≈≈≈≈.# #g# .#
≈≈≈.>.≈≈≈≈≈≈.###@# .#
≈≈≈...≈≈≈≈≈≈.)##.# .#
≈≈≈≈≈≈≈≈≈≈≈......###.#
≈≈≈≈≈≈≈≈≈.....##...).#
).≈≈≈≈≈.......##..####
.............###..#
#......##.######..#
..................#
......###########.#


You could see a gnoll.

Vanquished Creatures
  Sigmund (D:2)
  2 gnolls (D:4)
  A leopard gecko (D:1)
  3 orcs
  5 bats
  3 giant cockroaches
  2 goblins (D:1)
  A hobgoblin (D:1)
  3 frilled lizards
  3 kobolds (D:1)
  2 rats (D:1)
26 creatures vanquished.

Notes
Turn   | Place    | Note
-------+----------+-------------------------------------------
     0 | D:1      | M4edhros the Octopode Artificer began the quest for the Orb.
     0 | D:1      | Reached XP level 1. HP: 13/13 MP: 3/3
    22 | D:1      | Reached skill level 2 in Stealth
    44 | D:1      | Reached XP level 2. HP: 12/18 MP: 4/4
    65 | D:1      | Reached skill level 3 in Stealth
   550 | D:2      | Noticed Sigmund
   561 | D:2      | Killed Sigmund
   561 | D:2      | Reached skill level 7 in Stealth
   561 | D:2      | Reached XP level 3. HP: 10/23 MP: 5/5
   561 | D:2      | Reached XP level 4. HP: 12/28 MP: 6/6
   561 | D:2      | Reached XP level 5. HP: 15/33 MP: 7/7
   839 | D:4      | Found a staircase to the Ecumenical Temple.
   853 | Temple   | Entered the Ecumenical Temple
   875 | Temple   | Became a worshipper of Xom the Capricious
   887 | Temple   | Fell from the grace of Xom
   887 | Temple   | Became a worshipper of Fedhas Madash
   992 | D:4      | Reached skill level 8 in Stealth
  1023 | D:4      | Slain by a gnoll

Vault maps used:
D:1:      dpeg_arrival_arbitrary_b
D:2:      uniq_sigmund
D:3:      serial_glass, glass_columns_a, glass_columns_a, glass_columns_a,
          glass_columns_a, gup_sewer_entry_bubbles, uniq_natasha, uniq_terence,
          uniq_robin
D:4:      nemelex_xobeh_ov_fountains_minmay, kennysheep_mini, temple_pool_b,
          first_bread, hangedman_abyss_or_decor_stagger, uniq_pikel
Temple:   dshaligram_water_room_temple

Skill      XL: |  1  2  3  4  5 |
---------------+----------------+-----
Stealth        | 2 7 8 |  8.0
Fighting       | |  1.0
Short Blades   | |  1.0
Dodging        | |  2.0
Evocations     | |  3.2

Action                   |  1- 3 |  4- 6 || total
-------------------------+-------+-------++-------
Melee: Short sword       |    31 |       ||    31
       Constrict         |    10 |     7 ||    17
       Tentacles         |     6 |     4 ||    10
       Hand axe          |     9 |    20 ||    29
  Use: Scroll            |       |     4 ||     4
 Stab: Sleeping          |     4 |     1 ||     5
Armor: Skin              |     5 |     2 ||     7
Dodge: Dodged            |    28 |    13 ||    41
